Unix NetHack Version 5.0.0-0 post-release - last build Jun 10 2026 00:39:30 (3ee93aec679c4c4259841fe613dc97188e26a321,branch:main).

Game began 2026-06-11 13:58:59, ended 2026-06-11 14:11:04.

Drastanta, lawful male human Samurai

                                       ---------
 ---------                  ------    #-.......|
 |))[!!!)|     -----        |....|    #|.......|
 |[/%).[?|    #....-#       |.....#  ##|.....<.+
 |%%..).%|    #|...|#       |....|## # --.------
 |.[%..!?|    #-----#      #.^.r.-#####
 |))..%?!|    ##    #      )------ # #
 |....*!.|     #    #      ##      ###
 ----|----     #    #       #      #
     ###       #    #       #      #
       #####   #    #       #      #
           #   #    #       #      #-+---.--
           #   #   ##       #      #|......|
   --------.---#   #--.-----#      #|......|
   |..........|#   #|......|#      #........
   |..........-#   #|......|#       |d>@0:.|
   |..........|    #-`>.....#       |......|
   ------------     --------        --------

Drastanta the Ronin    St:17 Dx:14 Co:18 In:11 Wi:9 Ch:6  Lawful
Dlvl:2  $:54 HP:0(35) Pw:8(8) AC:4  Xp:3 T:976 

Latest messages:
 The giant rat misses!
 You kill the giant rat!
 You swap places with Hachi.
 You kill the jackal!
 There is an open door here.
 You see here a jackal corpse.
 You kill the giant rat!
 You kill the gecko!
 The jackal bites!
 You miss the jackal.
 The jackal misses!
 You miss the jackal.
 The jackal misses!
 You kill the jackal!
 There's some graffiti on the floor here.
 You read: "BAD WOL|".
 You see here a jackal corpse.
 There is a jackal corpse here; eat it? [ynq] (n) y
 Blecch!  Rotten food!
 You feel rather light headed.
 Hachi eats a jackal corpse.
 You finish eating the jackal corpse.
 You feel less confused now.
 You descend the stairs.
 You climb up the stairs.
 You kill the lichen!
 You kill the large kobold!
 You see here 13 darts.
 You hit the shrieker!
 You miss the shrieker.
 You miss the shrieker.
 You kill the shrieker!
 Really step into that pit? [yn] (n) n
 The newt bites!
 You miss the newt.
 You kill the newt!
 You see here a whistle.
 Click!  You trigger a rolling boulder trap!
 You are hit by a boulder!
 The boulder hits the lichen!
 The lichen is killed!
 $ - 2 gold pieces (54 in total).
 Really step onto that rolling boulder trap? [yn] (n) y
 There is a rolling boulder trap here.
 You see here a whistle.
 Click!  You trigger a rolling boulder trap!
 You are hit by a boulder!
 You die...
 Do you want your possessions identified? [ynq] (y) y
 Do you want to see your attributes? [ynq] (y) q

Inventory:
 Coins    ('$')
  $ - 54 gold pieces
 Weapons  (')')
  d - 26 blessed +0 ya (in quiver)
  c - a +0 yumi (alternate weapon; not wielded)
  a - a +0 katana (weapon in right hand)
  b - a +0 wakizashi
 Armor    ('[')
  p - an uncursed +0 pair of gauntlets of power
  e - an uncursed rustproof +0 splint mail (being worn)
 Scrolls  ('?')
  k - a cursed scroll of identify
 Spellbooks  ('+')
  l - an uncursed spellbook of cure sickness
 Potions  ('!')
  q - an uncursed potion of sickness
  g - an uncursed potion of water
 Wands    ('/')
  i - a wand of light (0:14)
  n - a wand of secret door detection (0:15)
 Tools    ('(')
  o - an empty uncursed sack
  j - a cursed magic koto (0:4)
  f - an uncursed blindfold
  m - a cursed skeleton key

Drastanta the Samurai's attributes:

Background:
 You were a Ronin, a level 3 male human Samurai.
 You were lawful, on a mission for Amaterasu Omikami
 who was opposed by Raijin (neutral) and Susanowo (chaotic).
 You were right-handed.
 You were in the Dungeons of Doom, on level 2.
 You entered the dungeon 976 turns ago.
 You had 65 experience points, 15 more were needed to attain level 4.

Basics:
 You had 0 out of 35 hit points.
 You had all 8 energy points (spell power).
 Your armor class was 4.
 Your wallet contained 54 zorkmids.
 Autopickup was on for '$' plus thrown.

Final Characteristics:
 Your strength was 17 (limit:18/100).
 Your dexterity was 14 (limit:18).
 Your constitution was 18 (limit:18).
 Your intelligence was 11 (limit:18).
 Your wisdom was 9 (limit:18).
 Your charisma was 6 (limit:18).

Final Status:
 You weren't hungry.
 You were unencumbered.
 You were wielding a long sword.
 You had basic skill with long sword.

Final Attributes:
 You were devoutly aligned.
 You were warded.
 You were fast.
 You are dead.

Miscellaneous:
 You didn't encounter any bones levels.
 Total elapsed playing time was 12 minutes and 5 seconds.

Major events:
 Turn
    1: Drastanta the lawful male human Samurai entered the dungeon
  562: attained the rank of Ronin (level 3)
  937: entered the Gnomish Mines
  976: killed by a boulder

You didn't know any spells.

Skills:
 Fighting Skills
   martial arts      [Basic]
   two weapon combat [Unskilled]
   riding            [Unskilled]
 Weapon Skills
   dagger            [Unskilled]
   knife             [Unskilled]
   short sword       [Basic]
   broadsword        [Unskilled]
   long sword        [Basic]
   two-handed sword  [Unskilled]
   saber             [Unskilled]
   flail             [Unskilled]
   quarterstaff      [Unskilled]
   polearms          [Unskilled]
   spear             [Unskilled]
   lance             [Unskilled]
   bow               [Basic]
   shuriken          [Unskilled]
 Spellcasting Skills
   attack spells     [Unskilled]
   divination spells [Unskilled]
   clerical spells   [Unskilled]

Voluntary challenges:
 Character rerolling was not enabled.
 You never genocided any monsters.
 You never polymorphed an object.
 You never changed form.
 You used no wishes.
Achievements:
 You entered a shop.
 You attained the rank of Ronin.
 You entered the Gnomish Mines.

 The Dungeons of Doom: levels 1 to 2
    Level 1:
    Level 2: <- You were here.
       A general store.
       Stairs down to The Gnomish Mines.
       Final resting place for
          you, killed by a boulder.
 The Gnomish Mines:
    Level 3:


Vanquished creatures:
  a shrieker
  a large kobold
  2 giant rats
  a green mold
  a red mold
  3 geckos
  3 jackals
  a fox
  2 goblins
  a sewer rat
  3 grid bugs
  a bat
  2 lichens
  5 newts
27 creatures vanquished.

No species were genocided or became extinct.

Game over:
                       ----------
                      /          \
                     /    REST    \
                    /      IN      \
                   /     PEACE      \
                  /                  \
                  |    Drastanta     |
                  |      54 Au       |
                  |   killed by a    |
                  |     boulder      |
                  |                  |
                  |                  |
                  |       2026       |
                 *|     *  *  *      | *
        _________)/\\_//(\/(/\)/\//\/|_)_______

Sayonara Drastanta the Samurai...

You died in The Dungeons of Doom on dungeon level 2 with 419 points,
and 54 pieces of gold, after 976 moves.
You were level 3 with a maximum of 35 hit points when you died.

